 Dungeon Crawl Stone Soup version 0.29-a0-322-g68df515428 (webtiles) character file.

Game seed: 17973244171025451837

76 rabbitsville the Chopper (level 4, -1/34 HPs)
             Began as a Demonspawn Gladiator on Apr 8, 2022.
             Killed from afar by Sigmund (7 damage)
             ... with a puff of flame
             ... on level 3 of the Dungeon.
             The game lasted 00:07:53 (1798 turns).

rabbitsville the Chopper (Demonspawn Gladiator)     Turns: 1798, Time: 00:07:53

Health: -1/34      AC: 11    Str: 16    XL:     4   Next: 12%
Magic:  4/4        EV:  7    Int: 16    God:
Gold:   114        SH:  0    Dex: 14    Spells: 3/3 levels left

rFire   . . .      SeeInvis .   a - +0 war axe
rCold   . . .      Faith    +   (no shield)
rNeg    . . .      Spirit   .   k - +0 chain mail
rPois   .          Reflect  .   c - +0 helmet
rElec   .          Harm     .   (no cloak)
rCorr   .          Rampage  .   v - +0 pair of gloves
Will    .....                   p - +0 pair of boots
Stlth   ..........              s - amulet of faith
HPRegen 0.11/turn               h - +6 ring of intelligence
MPRegen 0.09/turn               m - ring of flight

@: confused, flying
A: powered by death 2
a: no special abilities


You were on level 3 of the Dungeon.
You visited 1 branch of the dungeon, and saw 3 of its levels.

You collected 114 gold pieces.

Inventory:

Hand Weapons
 a - a +0 war axe (weapon)
Missiles
 d - 3 throwing nets
 e - a javelin
 i - 4 poisoned darts
 q - 5 boomerangs (quivered)
Armour
 b - a +0 leather armour
 c - a +0 helmet (worn)
 k - a +0 chain mail (worn)
 p - a +0 pair of boots (worn)
 v - a +0 pair of gloves (worn)
Jewellery
 h - a +6 ring of intelligence (left hand)
 m - a ring of flight (right hand)
 s - an amulet of faith (around neck)
Scrolls
 j - 3 scrolls of blinking {unknown}
 l - 3 scrolls of enchant weapon {unknown}
 o - 3 scrolls of amnesia {unknown}
 r - 2 scrolls of immolation {unknown}
 w - a scroll of teleportation {unknown}
 x - a scroll of identify {unknown}
Potions
 f - 2 potions of might {unknown}
 g - 2 potions of magic {unknown}
 n - 2 potions of haste {unknown}
 t - a potion of curing {unknown}
 u - a potion of flight {unknown}


   Skills:
 + Level 2.5 Fighting
 * Level 3.5 Axes
 * Level 2.9 Throwing
 - Level 2.6 Dodging


You had 3 spell levels left.
You didn't know any spells.
Your spell library was empty.

Dungeon Overview and Level Annotations

Branches:
Dungeon (3/15)

Altars:

Annotations:
D:3 Sigmund


Innate Abilities, Weirdness & Mutations

You regenerate health from kills.


Message History

The boomerang hits Sigmund but does no damage.
Sigmund is lightly wounded.
Sigmund points at you and mumbles some strange words.
You resist with some effort.
You throw a boomerang. The boomerang barely misses Sigmund.
Sigmund barely misses you. Sigmund hits you with a +0 scythe.
You hit Sigmund.
Sigmund is moderately wounded.
Sigmund gestures at you while chanting.
You are confused.
You bump into the rock wall.
Sigmund hits you but does no damage. Sigmund hits you with a +0 scythe.
Sigmund attacks as you move away! Sigmund hits you with a +0 scythe.
You feel less confused.
Sigmund screams, "Die, monster!"
Sigmund points at you and mumbles some strange words.
The magic dart hits you.
You closely miss Sigmund.
Sigmund is moderately wounded.
Sigmund points at you and mumbles some strange words.
You are confused.
Sigmund barely misses you.
You bump into the rock wall.
You slash Sigmund!
Sigmund is heavily wounded.
Sigmund closely misses you.
You bump into the rock wall.
Sigmund hits you with a +0 scythe!
You bump into the rock wall.
Sigmund casts a spell at you.
You are more confused.
Sigmund hits you with a +0 scythe.
You bump into the rock wall.
Sigmund hits you but does no damage. Sigmund gestures at you while chanting.
The puff of flame hits you!
* * * LOW HITPOINT WARNING * * *
Sigmund casts a spell at you. The puff of flame hits you!
You die...

### #..# ..# ...
... #.# ...
#..######.####
#...@@.......
####.###.###. #.#
#.# . #.###.# ..
#..(#.# .# .
###.#.## .# ..
###....#####.##...
#..................
#####..##......#..


You could see Sigmund.

Vanquished Creatures
  2 adders (D:2)
  A worm (D:2)
  3 dart slugs
  3 bats
  3 endoplasms
  A giant cockroach (D:1)
  8 goblins
  2 hobgoblins (D:1)
  5 jackals
  A quokka (D:2)
  9 ball pythons (D:1)
  A frilled lizard (D:3)
  5 kobolds
  2 rats
46 creatures vanquished.

Notes
Turn   | Place    | Note
-------+----------+-------------------------------------------
     0 | D:1      | rabbitsville the Demonspawn Gladiator began the quest for
                  | the Orb.
     0 | D:1      | Reached XP level 1. HP: 16/16 MP: 1/1
    36 | D:1      | Gained mutation: You regenerate a little health from kills.
                  | [demonic ancestry]
    36 | D:1      | Reached XP level 2. HP: 3/22 MP: 2/2
   352 | D:1      | Reached skill level 3 in Axes
   659 | D:1      | Reached XP level 3. HP: 28/28 MP: 3/3
  1403 | D:2      | Gained mutation: You regenerate health from kills. [demonic
                  | ancestry]
  1403 | D:2      | Reached XP level 4. HP: 34/34 MP: 4/4
  1775 | D:3      | Noticed Sigmund
  1798 | D:3      | Killed from afar by Sigmund

Illustrated notes

Levels and vault maps discovered:
D:1:      wander_arrival_chamber, layout_basic
D:2:      layout_basic, minmay_bisected
D:3:      layout_rooms, palyth_stone_intersect, minmay_pentomino_pile,
          uniq_sigmund, uniq_jessica

Skill      XL: |  1  2 |
---------------+-------+-----
Throwing       | 2 |  2.9
Axes           | 3 |  3.5
Fighting       | |  2.5
Dodging        | |  2.6

Action                   |  1- 3 |  4- 6 || total
-------------------------+-------+-------++-------
Melee: War axe           |   107 |    17 ||   124
Throw: Boomerang         |     5 |     4 ||     9
Armor: Leather armour    |    27 |       ||    27
       Chain mail        |    25 |     9 ||    34
Dodge: Dodged            |    64 |    13 ||    77

Table legend: (Time is in decaauts)
 A = Elapsed time spent in this place.
 B = Non-inter-level travel time spent in this place.
 C = Inter-level travel time spent in this place.
 D = Time resting spent in this place.
 E = Time spent auto-exploring this place.
 F = Levels seen in this place.
 G = Mean time per level.
                   A        B        C        D        E       F      G
               +--------+--------+--------+--------+--------+-----+--------+
         Total |   1840 |   1806 |     34 |    260 |    894 |   3 |  613.3 |
       Dungeon |   1840 |   1806 |     34 |    260 |    894 |   3 |  613.3 |
               +--------+--------+--------+--------+--------+-----+--------+

Top non-repeatable levels by time:
     D:1: 1010 daAuts
     D:2: 761 daAuts
     D:3: 68 daAuts
